Map: Rifts to Korhal

Players

grogalet

  • Race: Terran Terran
  • League: Silver

NamroodTuo

  • Race: Zerg Zerg

VOD

Have the link to the VOD?

Description

Time

  • Played on: Feb. 21, 2023, 8:40 a.m.
  • Length: 24:23
Show
View Real Time Build Order
Export as new Build Order

grogalet Terran 

Build Orders:  

Get SALT Encoding   

  12  0:48  SCV  
  13  0:55  SCV  
  14  1:03  SCV  
  14  1:08  Supply Bunker  
  15  1:20  Refinery  
  15  1:28  SCV, Refinery  
  16  1:30  Supply Bunker  
  16  1:36  SCV  
  17  1:44  SCV  
  18  1:52  SCV  
  19  2:00  SCV  
  19  2:08  SCV  
  21  2:16  SCV  
  22  2:24  SCV  
  23  2:32  SCV  
  24  2:40  SCV  
  24  2:48  SCV  
  26  2:56  SCV  
  26  2:59  Supply Bunker, Dominion Trooper x6  
  34  3:11  Dominion Trooper  
  34  3:19  Dominion Trooper  
  36  3:27  Dominion Trooper  
  37  3:35  Dominion Trooper  
  37  3:37  Barracks  
  38  3:43  Dominion Trooper  
  39  3:51  Dominion Trooper  
  39  3:59  Dominion Trooper  
  41  4:07  Dominion Trooper  
  42  4:15  Dominion Trooper  
  43  4:23  Dominion Trooper  
  43  4:24  Supply Bunker  
  43  4:25  Supply Bunker  
  43  4:27  Supply Bunker  
  44  4:31  Dominion Trooper  
  44  4:39  Dominion Trooper  
  46  4:46  Engineering Bay  
  46  4:47  Dominion Trooper  
  46  4:49  Supply Bunker  
  47  4:55  Dominion Trooper  
  48  5:03  SCV, Dominion Trooper  
  49  5:10  SCV  
  49  5:18  SCV  
  51  5:26  SCV  
  52  5:34  SCV  
  53  5:42  SCV  
  54  5:51  Command Center  
  54  6:10  Refinery  
  54  6:40  Command Center  
  54  6:46  Refinery  
  54  6:49  Factory  
  54  6:51  SCV x2  
  54  6:59  SCV x2  
  58  7:07  SCV x2  
  58  7:09  Orbital Trooper Pods  
  60  7:15  SCV x2  
  62  7:34  SCV x2  
  64  7:42  SCV x2  
  66  7:50  SCV x2  
  66  7:57  SCV  
  66  7:58  SCV  
  66  7:59  Ghost Academy  
  70  8:05  SCV  
  70  8:06  SCV  
  70  8:09  Neosteel Armor  
  74  8:20  Starport  
  74  8:21  Dominion Trooper  
  74  8:22  Dominion Trooper  
  74  8:29  Dominion Trooper  
  77  8:30  Dominion Trooper  
  77  8:37  Dominion Trooper  
  77  8:38  Dominion Trooper  
  81  8:45  Dominion Trooper x2  
  81  8:46  Dominion Trooper  
  84  8:53  Dominion Trooper x2  
  84  8:54  Dominion Trooper  
  80  9:01  Dominion Trooper x2  
  80  9:02  Dominion Trooper  
  80  9:08  Dominion Trooper  
  80  9:09  Dominion Trooper  
  82  9:10  Dominion Trooper  
  82  9:16  Dominion Trooper  
  82  9:17  Earthsplitter Ordinance, Dominion Trooper x2  
  82  9:18  Earthsplitter Ordinance  
  86  9:21  Earthsplitter Ordinance x2  
  86  9:24  Dominion Trooper  
  86  9:25  Dominion Trooper x2  
  86  9:26  Earthsplitter Ordinance  
  86  9:27  Earthsplitter Ordinance  
  86  9:29  Earthsplitter Ordinance  
  89  9:32  Earthsplitter Ordinance, Dominion Trooper  
  89  9:33  Dominion Trooper x2  
  92  9:40  Dominion Trooper  
  92  9:41  Dominion Trooper x2  
  95  10:00  Dominion Trooper x3  
  95  10:04  Fusion Core, Imperial Witness  
  95  10:08  Dominion Trooper x3  
  100  10:34  Imperial Witness  
  102  11:04  Imperial Witness  
  104  11:11  Amplified Airwaves  
  104  11:34  Medivac  
  106  11:55  Medivac  
  110  12:05  Dominion Trooper  
  110  12:06  Dominion Trooper x2  
  108  12:11  Scatter Veil  
  108  12:13  Dominion Trooper x2  
  108  12:14  Dominion Trooper  
  111  12:21  Dominion Trooper x2  
  111  12:22  Dominion Trooper  
  111  12:29  Dominion Trooper x2  
  116  12:30  Dominion Trooper  
  116  12:37  Dominion Trooper x2  
  116  12:38  Dominion Trooper  
  117  13:11  Dual Resuscitators  
  117  13:15  Supply Bunker  
  117  13:17  Supply Bunker  
  117  13:18  Supply Bunker  
  117  13:21  Supply Bunker  
  117  13:22  Supply Bunker  
  117  13:23  Supply Bunker  
  120  13:43  Dominion Trooper x3  
  123  13:51  Dominion Trooper x3  
  123  13:59  Dominion Trooper x3  
  129  14:06  Ghost  
  129  14:07  Dominion Trooper x3  
  136  14:15  Dominion Trooper x3  
  139  14:23  Dominion Trooper x3  
  140  14:31  Dominion Trooper  
  140  14:46  Ghost  
  147  15:11  Dominion Trooper x3  
  147  15:19  Dominion Trooper x3  
  153  15:26  Ghost  
  153  15:27  Dominion Trooper x3  
  160  15:34  Dominion Trooper  
  160  15:35  Dominion Trooper x2  
  162  15:42  Dominion Trooper  
  162  15:43  Dominion Trooper x2  
  162  15:47  Earthsplitter Ordinance x2  
  162  15:49  Earthsplitter Ordinance  
  163  15:50  Dominion Trooper  
  163  15:53  Earthsplitter Ordinance  
  163  15:55  Earthsplitter Ordinance  
  163  15:58  Earthsplitter Ordinance x2  
  163  16:00  Earthsplitter Ordinance  
  163  16:02  Earthsplitter Ordinance  
  163  16:05  Earthsplitter Ordinance, Ghost  
  157  18:00  Dominion Trooper x2  
  157  18:01  Dominion Trooper  
  157  18:08  Dominion Trooper x2  
  157  18:09  Dominion Trooper  
  149  18:14  Ghost  
  149  18:16  Dominion Trooper x3  
  156  18:24  Dominion Trooper x3  
  159  18:32  Dominion Trooper x3  
  162  18:40  Dominion Trooper x3  
  162  18:48  Dominion Trooper x3  
  168  18:54  Ghost  
  168  18:55  Supply Bunker  
  168  18:56  Dominion Trooper x3  
  168  18:59  Supply Bunker  
  175  19:04  Dominion Trooper x3  
  178  19:12  Dominion Trooper x3  
  180  19:20  Dominion Trooper x2  
  180  19:34  Ghost  
  121  20:00  Imperial Witness  
  153  20:17  Dominion Trooper x2, Ghost  
  153  20:18  Dominion Trooper  
  161  20:25  Dominion Trooper x2  
  161  20:26  Dominion Trooper  
  161  20:29  Medivac  
  164  20:33  Dominion Trooper x2  
  164  20:34  Dominion Trooper  
  169  20:41  Dominion Trooper x2  
  169  20:42  Dominion Trooper  
  169  20:49  Dominion Trooper x3  
  175  20:50  Medivac  
  175  20:57  Dominion Trooper x3  
  125  21:05  Dominion Trooper x3  
  116  21:11  Medivac  
  116  21:13  Dominion Trooper x3  
  121  21:21  Dominion Trooper x3  
  121  21:29  Dominion Trooper x3  
  127  21:37  Dominion Trooper x3  
  130  21:44  Dominion Trooper  
  130  21:45  Dominion Trooper x2  
  133  21:52  Dominion Trooper  
  133  21:53  Dominion Trooper x2  
  136  22:00  Dominion Trooper  
  136  22:01  Dominion Trooper x2  
  136  22:08  Dominion Trooper  
  136  22:09  Dominion Trooper x2  
  134  22:26  Dominion Trooper x3  
  128  22:34  Dominion Trooper x3  
  124  22:41  Dominion Trooper  
  124  22:42  Dominion Trooper x2  
  124  22:49  Dominion Trooper x2  
  127  22:50  Dominion Trooper  
  127  22:57  Dominion Trooper x2  
  127  22:58  Dominion Trooper  
  131  23:05  Dominion Trooper x2  
  131  23:06  Dominion Trooper  
  130  23:13  Dominion Trooper x3  
  129  23:21  Dominion Trooper x3  
  129  23:29  Dominion Trooper x3  
  132  23:37  Dominion Trooper x3  
  134  23:45  Dominion Trooper x3  
  137  23:53  Dominion Trooper x3  
  140  24:01  Dominion Trooper x3  
  140  24:09  Dominion Trooper x3  
Show
View Real Time Build Order
Export as new Build Order

NamroodTuo Zerg 

Build Orders:  

Get SALT Encoding   

  12  0:03  Infested SCV  
  13  0:12  Infested SCV  
  14  0:20  Infested SCV  
  15  0:30  Overlord  
  15  0:55  Overlord  
  15  0:59  Infested SCV  
  16  1:10  Infested Barracks  
  16  1:11  Infested SCV  
  17  1:24  Overlord  
  17  1:37  Infested SCV  
  18  1:47  Infested Barracks  
  18  1:53  Infested SCV  
  19  2:09  Infested Engineering Bay  
  19  2:11  Infested SCV  
  19  2:19  Infested Refinery  
  20  2:57  Infested SCV  
  20  2:59  Overlord  
  21  3:00  Infested Refinery  
  21  3:01  Overlord  
  21  3:38  Infested Marine x3  
  21  3:39  Infested Marine x3  
  27  3:42  Infested Barracks Tech Lab  
  27  4:00  Infested SCV  
  27  4:01  Infested SCV x2  
  27  4:02  Infested SCV  
  31  4:20  Infested SCV  
  31  4:21  Infested Barracks  
  32  4:47  Infested Marine x3  
  32  4:48  Infested Marine  
  36  4:50  Retinal Augmentation  
  36  4:54  Infested SCV  
  36  4:55  Infested SCV  
  28  5:59  Unknown  
  28  6:06  Infested Command Center  
  28  6:22  Infested Marine  
  28  6:27  Plagued Munitions  
  29  6:33  Regenerative Plating  
  33  6:45  Infested Marine  
  33  6:46  Infested Marine  
  33  6:47  Infested Marine x2  
  37  6:50  Infested Bunker  
  37  6:51  Infested SCV x2  
  37  6:53  Infested SCV  
  37  6:54  Overlord  
  37  6:55  Infested SCV  
  41  7:33  Stukov Infantry Weapons Level 1  
  41  7:34  Infested Bunker  
  49  7:44  Infested Bunker  
  49  7:47  Infested SCV  
  49  7:48  Infested SCV  
  50  8:24  Infested SCV, Infested Bunker  
  50  8:27  Infested SCV  
  52  8:50  Infested SCV  
  52  8:55  Infested SCV x2  
  52  8:57  Infested Refinery  
  55  9:00  Infested Refinery  
  55  9:14  Infested SCV  
  56  9:20  Overlord  
  56  9:21  Overlord x3  
  56  9:33  Infested Barracks  
  56  9:44  Infested SCV x2  
  58  10:04  Infested Barracks  
  62  10:13  Stukov Infantry Armor Level 1  
  62  10:22  Overlord x2  
  62  10:27  Infested SCV x3  
  65  10:37  Infested Bunker  
  65  10:46  Infested Marine x2  
  65  10:47  Infested Marine  
  68  11:50  Infested Marine  
  68  11:51  Infested Marine x15  
  68  11:52  Infested Marine x19  
  104  12:12  Infested Marine  
  104  12:13  Infested Marine x20  
  104  12:14  Infested Marine  
  104  12:16  Infested Bunker  
  120  12:46  Infested SCV  
  120  12:47  Infested SCV x4  
  125  12:54  Infested SCV  
  125  12:57  Overlord x3  
  125  12:58  Overlord  
  126  13:07  Overlord  
  126  13:22  Infested Marine x5  
  126  13:23  Infested Marine x20  
  122  13:45  Infested Marine  
  122  13:46  Infested Marine x12  
  122  13:47  Infested Marine x14  
  127  14:09  Infested Factory  
  115  14:24  Infested SCV x4  
  115  14:25  Infested SCV  
  118  14:48  Infested Bunker  
  109  14:50  Infested SCV  
  109  14:53  Infested Bunker  
  109  14:57  Overlord  
  109  14:58  Overlord x2  
  109  14:59  Overlord x3  
  104  15:12  Infested Marine x3  
  104  15:13  Infested Marine x21  
  104  15:14  Infested Marine x21  
  104  15:15  Infested Marine x10  
  144  15:38  Infested Marine  
  144  15:39  Infested Marine x13  
  158  15:43  Stukov Infantry Weapons Level 2  
  158  16:11  Infested Marine  
  158  16:12  Infested Marine x14  
  158  16:13  Infested Marine x20  
  158  16:14  Infested Marine x7  
  198  16:20  Overlord x3  
  198  16:21  Infested SCV  
  198  16:22  Infested SCV  
  192  16:48  Infested Marine  
  192  16:49  Infested Marine x20  
  174  16:50  Infested Marine x10  
  121  18:11  Infested Marine  
  121  18:12  Infested Marine x12  
  121  18:13  Infested Marine x21  
  125  18:36  Infested Marine  
  125  18:37  Infested Marine x17  
  125  18:38  Infested Marine x14  
  157  18:41  Infested Marine x5  
  157  18:42  Infested Marine x21  
  157  18:43  Infested Marine  
  184  18:53  Stukov Infantry Armor Level 2  
  184  19:00  Infested Marine  
  184  19:01  Infested Marine x10  
  184  19:02  Infested Marine x5  
  199  19:21  Infested Marine  
  108  20:30  Infested Marine  
  108  20:31  Infested Marine x10  
  108  20:32  Infested Marine x10  
  113  20:40  Infested Marine  
  113  20:41  Infested Marine x18  
  113  20:42  Infested Marine x19  
  113  20:43  Infested Marine x21  
  113  20:44  Infested Marine x11  
  182  21:14  Infested Marine x2  
  182  21:15  Infested Marine x16  
  187  21:41  Infested Marine  
  187  21:42  Infested Marine x9  
  187  21:43  Infested Marine x5  
  188  22:00  Infested Marine  
  188  22:03  Infested Marine x4  
  188  22:04  Infested Marine x16  
  144  22:23  Infested Marine x5  
  144  22:24  Infested Marine x23  
  144  22:25  Infested Marine x18  
  187  22:42  Infested Marine x5  
  187  22:43  Infested Marine x9  
  198  22:54  Infested Marine  
  198  22:55  Infested Marine x8  
  198  22:56  Infested Marine x4  
  185  23:35  Infested Armory  
Tags
 
Commander
MengskStukov
League
Silver
Matchup
Co-op
Replay Pack
Multiplayer
Add a new tag
Caveats
  • Supply blocks, unpowered buildings, or Contaminate may cause inaccurate times.
  • Supply counts are checked every 10 seconds.